 Dungeon Crawl Stone Soup version 0.28-a0-655-g4eb62b627b (webtiles) character file.

Game seed: 6199204790193221919

4 lawman0 the Sneak (level 1, 0/11 HPs)
             Began as a Spriggan Delver on Oct 13, 2021.
             Succumbed to a water moccasin's poison
             ... on level 5 of the Dungeon.
             The game lasted 00:01:08 (206 turns).

lawman0 the Sneak (Spriggan Delver)                  Turns: 206, Time: 00:01:09

Health: 0/11       AC:  2    Str:  8    XL:     1   Next: 58%
Magic:  2/2        EV: 17    Int: 11    God:
Gold:   0          SH:  0    Dex: 16    Spells: 0/0 levels left

rFire   . . .      SeeInvis +   a - +0 short sword
rCold   . . .      Faith    .   (shield restricted)
rNeg    . . .      Spirit   .   b - +0 robe
rPois   .          Reflect  .   (helmet restricted)
rElec   .          Harm     .   (no cloak)
rCorr   .          Rampage  .   (gloves unavailable)
Will    .....                   (boots unavailable)
Stlth   ++++......              (no amulet)
HPRegen 0.03/turn               (no ring)
MPRegen 0.08/turn               (no ring)

@: lethally poisoned (0 -> -15), very quick
A: very small, no large weapons, unfitting armour, see invisible, speed 3
a: no special abilities


You were on level 5 of the Dungeon.
You visited 1 branch of the dungeon, and saw 1 of its levels.

Inventory:

Hand Weapons
 a - a +0 short sword (weapon)
Armour
 b - a +0 robe (worn)
Wands
 g - a wand of digging (3)
Scrolls
 c - a scroll of fog
 e - a scroll of fear
Potions
 f - a potion of haste


   Skills:
 + Level 2.4 Fighting
 + Level 2.2 Short Blades
 + Level 2.7 Dodging
 + Level 7.5 Stealth


You couldn't memorise any spells.
You didn't know any spells.
Your spell library contained the following spells:

 Spells                   Type           Power      Damage    Failure   Level
 Freeze                   Ice            0%         1d3       34%         1
 Borgnjor's Vile Clutch   Necr/Erth      0%         N/A       100%        5
 Death Channel            Necr           0%         N/A       100%        6
 Necromutation            Tmut/Necr      0%         N/A       100%        8


Dungeon Overview and Level Annotations

Branches:
Dungeon (5/15)             Temple (0/1) D:5

Altars:


Innate Abilities, Weirdness & Mutations

You are very small and have problems with some larger weapons.
You are too small for most types of armour.
You have supernaturally acute eyesight. (SInv)
You cover ground extremely quickly. (Speed+++)


Message History

Throw: throwing net
Press: ? - help, Q - select action Shift-Dir - straight line, f - water moccasin
Aim: a water moccasin (42% to hit)
You throw a throwing net.
The throwing net closely misses the water moccasin.
The water moccasin bites you.
The water moccasin completely misses you.
The water moccasin misses you.
You enter the shallow water.
Moving in this stuff is going to be slow.
An adder zombie comes into view.
You see here a throwing net.
d - a throwing net Throw: throwing net
Press: ? - help, Q - select action Shift-Dir - straight line, f/p - water moccasin
Aim: a water moccasin (42% to hit)
You throw a throwing net.
The throwing net hits the water moccasin.
The water moccasin is caught in the net!
The water moccasin struggles against the net.
The water moccasin struggles against the net.
The water moccasin struggles against the net.
You catch the helpless water moccasin completely off-guard!
You puncture the water moccasin!
The water moccasin is heavily wounded.
The water moccasin struggles against the net.
The net rips apart, and the water moccasin comes free!
You closely miss the water moccasin.
The water moccasin is heavily wounded.
The water moccasin closely misses you. The water moccasin bites you.
You are lethally poisoned!
The water moccasin poisons you!
You hit the water moccasin.
The water moccasin is severely wounded.
* * * LOW HITPOINT WARNING * * *
You feel very sick. The adder zombie bites you.
* * * LOW HITPOINT WARNING * * *
The water moccasin completely misses you.
You die...

..#..≈......####...####.,,,,,,,,,
..#.#+#+#...##≈≈≈≈≈≈≈≈#,,,,,,,,,,
..#.#.#<#.######...####,,,,,,,,,,
..#.........#.......#*,,,,,,,,,,,
..###.#.#.#.#.......#*****,,,,,,,
......#.#.#.#.......# ******+*,*,
.####.#.#.#.#.......# *,,,,,,,,*,
........#.#.#.......# *,,,,,,,,*,
.........S..#...@...# *,,,,,,,,*,
######......#.......# *,,,,,,,,*,
#......#..SZ...#*******+*+*+
#......#.......#,,,,,,,,,,,,
##.#.#.#.......#,,,,,,,,,,,,
#.###.........#,,,,,,,,,,,,
***#+###........##,,,,,,,,,,,,
*,,,,..........##*,,,,,,,,,,,,
*,,...........##_**,,,,,,,,,,,


You could see a water moccasin and an adder zombie.

Vanquished Creatures
  An orc (D:5)
  2 jackals (D:5)
3 creatures vanquished.

Notes
Turn   | Place    | Note
-------+----------+-------------------------------------------
     0 | D:5      | lawman0 the Spriggan Delver began the quest for the Orb.
     0 | D:5      | Reached XP level 1. HP: 11/11 MP: 2/2
    78 | D:5      | Got the Guide on Ghastly Cold
   110 | D:5      | Noticed a water moccasin
   206 | D:5      | Succumbed to a water moccasin's poison

Illustrated notes

Levels and vault maps discovered:
D:5:      cheibrodos_helix_gallery, layout_basic, grunt_temple_overflow_diamond,
          minmay_temple_entry_antechambers, serial_rivers,
          chequers_serial_rivers_marsh, chequers_serial_rivers_small_a,
          chequers_serial_rivers_room_a, chequers_serial_rivers_micro_a

Action                   || total
-------------------------++-------
Melee: Short sword       ||    20
Throw: Throwing net      ||     2
  Use: Scroll            ||     1
 Stab: Held in net/web   ||     1
Dodge: Dodged            ||    21

Table legend: (Time is in decaauts)
 A = Elapsed time spent in this place.
 B = Non-inter-level travel time spent in this place.
 C = Inter-level travel time spent in this place.
 D = Time resting spent in this place.
 E = Time spent auto-exploring this place.
 F = Levels seen in this place.
 G = Mean time per level.
                   A        B        C        D        E       F      G
               +--------+--------+--------+--------+--------+-----+--------+
         Total |    135 |    129 |      6 |      0 |      6 |   1 |  135.0 |
       Dungeon |    135 |    129 |      6 |      0 |      6 |   1 |  135.0 |
               +--------+--------+--------+--------+--------+-----+--------+

Top non-repeatable levels by time:
     D:5: 135 daAuts
